 Dungeon Crawl Stone Soup version 0.31-a0-618-g7ca08c1ff9 (webtiles) character file.

Game seed: 7093604062560980003

32 javelincjr the Caller (level 3, -4/25 HPs)
             Began as a Gnoll Summoner on Aug 22, 2023.
             Slain by a worm (9 damage)
             ... on level 2 of the Dungeon.
             The game lasted 00:05:01 (1357 turns).

javelincjr the Caller (Gnoll Summoner)              Turns: 1357, Time: 00:05:02

Health: -4/25      AC:  3    Str:  7    XL:     3   Next: 27%
Magic:  1/9        EV: 13    Int: 16    God:
Gold:   45         SH:  0    Dex: 12    Spells: 6/12 levels left

rFire   . . .        d - +0 dagger
rCold   + . .        (no shield)
rNeg    . . .        a - +0 robe
rPois   .            (no helmet)
rElec   .            (no cloak)
rCorr   +            n - +0 pair of gloves
SInv    .            (no boots)
Will    .....        (no amulet)
Stlth   ++           i - ring of protection from cold
HPRegen 0.24/turn    k - ring of resist corrosion
MPRegen 0.11/turn

%: no passive effects
@: no status effects
A: fangs 1, strong nose, distributed training
a: no special abilities


You were on level 2 of the Dungeon.
You visited 1 branch of the dungeon, and saw 2 of its levels.

You collected 45 gold pieces.

Inventory:

Hand Weapons
 d - a +0 dagger (weapon)
Armour
 a - a +0 robe (worn)
 n - a +0 pair of gloves (worn)
Jewellery
 i - a ring of protection from cold (left hand)
 k - a ring of resist corrosion (right hand)
Scrolls
 e - 2 scrolls of teleportation {unknown}
 j - 2 scrolls of identify {unknown}
 m - a scroll of immolation {unknown}
Potions
 b - 2 potions of magic
 c - a potion of resistance {unknown}
 f - a potion of heal wounds {unknown}
 g - a potion of curing {unknown}
 h - a potion of brilliance {unknown}
 l - 2 potions of attraction {unknown}


   Skills:
 + Level 0.7 Fighting
 + Level 0.7 Short Blades
 + Level 0.7 Long Blades
 + Level 0.7 Axes
 + Level 0.7 Maces & Flails
 + Level 0.7 Polearms
 + Level 0.7 Staves
 + Level 0.7 Ranged Weapons
 + Level 0.7 Throwing
 + Level 0.7 Armour
 + Level 4.5 Dodging
 + Level 4.1 Stealth
 + Level 0.7 Shields
 + Level 0.7 Unarmed Combat
 + Level 5.0 Spellcasting
 + Level 0.5 Conjurations
 + Level 0.5 Hexes
 + Level 7.1 Summonings
 + Level 0.5 Necromancy
 + Level 0.5 Translocations
 + Level 0.5 Transmutations
 + Level 0.5 Fire Magic
 + Level 0.5 Ice Magic
 + Level 0.5 Air Magic
 + Level 0.5 Earth Magic
 + Level 0.5 Poison Magic
 + Level 0.9 Invocations
 + Level 0.7 Evocations
 + Level 0.6 Shapeshifting


You had 6 spell levels left.
You knew the following spells:

 Your Spells              Type           Power      Damage    Failure   Level
a - Summon Small Mammal   Summ           100%       N/A       1%          1
b - Call Imp              Summ           52%        N/A       1%          2
c - Call Canine Familiar  Summ           26%        N/A       2%          3

Your spell library contained the following spells:

 Spells                   Type           Power      Damage    Failure   Level
 Summon Guardian Golem    Hex/Summ       16%        N/A       10%         3
 Summon Lightning Spire   Summ/Air       16%        N/A       32%         4


Dungeon Overview and Level Annotations

Branches:
Dungeon (2/15)

Altars:

Annotations:
D:2 Robin


Innate Abilities, Weirdness & Mutations

You have very sharp teeth.
Your uncanny sense of smell can sniff out nearby items.
Your experience applies equally to all skills.


Message History

The goblin barely misses you. The goblin closely misses you.
The goblin misses your cerulean imp.
Your cerulean imp hits the worm with a -2 spear.
Your magical contamination has completely faded away.
You closely miss the goblin.
The goblin is severely wounded.
The goblin hits you with a +0 dagger. The goblin barely misses you.
The goblin closely misses your cerulean imp.
Your cerulean imp hits the worm with a -2 spear.
The worm bites your cerulean imp!
Your cerulean imp dies!
Your cerulean imp disappears in a puff of smoke!
Casting: Call Canine Familiar (dangerous; 2% risk of failure)
Confirm with . or Enter, or press ? or * to list all spells.
A tiny devil pulls itself out of the air.
A nearby fungus withers and dies.
The goblin hits you with a +0 dagger. The goblin closely misses you.
The goblin hits your cerulean imp with a +0 dagger.
You hit the goblin.
You kill the goblin!
A bat comes into view.
The goblin hits you with a +0 dagger.
* * * LOW HITPOINT WARNING * * *
The goblin hits your cerulean imp with a +0 dagger.
The worm closely misses your cerulean imp.
The bat moves out of view.
Your cerulean imp barely misses the goblin.
The goblin attacks as it pursues you! The goblin hits you but does no damage.
The goblin hits your cerulean imp with a +0 dagger.
The worm bites your cerulean imp.
Your cerulean imp dies!
Your cerulean imp disappears in a puff of smoke!
Things that are here:
a +0 dagger; 34 gold pieces; a +0 dagger The goblin attacks as it pursues you!
The goblin hits you with a +0 dagger.
* * * LOW HITPOINT WARNING * * *
The goblin barely misses you. The goblin attacks as it pursues you!
The goblin hits you but does no damage. The worm bites you!
You die...

#....... ......
#....# ###....
..>..# #...#
...##.<.#######P
................P .
....####@#######....
........wgggggg.....
....####.####gg.....
#.# g...... #.#
....... #.# .......
#.# ....... #.#
(...... #.# ∆
#......


You could see a worm, 2 hobgoblins and 6 goblins.

Vanquished Creatures
  A dart slug (D:1)
  6 goblins
  A quokka (D:1)
  A rat (D:1)
9 creatures vanquished.

Vanquished Creatures (collateral kills)
  2 dart slugs (D:1)
  A bat (D:1)
  2 endoplasms (D:1)
  A giant cockroach (D:1)
  3 goblins
  A quokka (D:1)
  2 ball pythons (D:2)
  A frilled lizard (D:1)
  A kobold (D:1)
  A rat (D:1)
15 creatures vanquished.

Grand Total: 24 creatures vanquished

Notes
Turn   | Place    | Note
-------+----------+-------------------------------------------
     0 | D:1      | javelincjr the Gnoll Summoner began the quest for the Orb.
     0 | D:1      | Reached XP level 1. HP: 13/13 MP: 6/6
   245 | D:1      | Reached XP level 2. HP: 19/19 MP: 4/7
   248 | D:1      | Learned a level 2 spell: Call Imp
   945 | D:1      | Reached XP level 3. HP: 25/25 MP: 3/9
  1005 | D:1      | Reached skill level 5 in Spellcasting
  1011 | D:1      | Learned a level 3 spell: Call Canine Familiar
  1344 | D:2      | Noticed Robin
  1357 | D:2      | Slain by a worm

Illustrated notes

Levels and vault maps discovered:
D:1:      evilmike_arrival_hilbert_curve, layout_loops_corners
D:2:      layout_rooms, basic_altar, st_stairs_3, minmay_misc_feat_roman,
          grunt_ministairs_9, minmay_gold_behind_fungi, mrwooster_statue_mirror,
          uniq_robin

Skill      XL: |  1  2  3 |
---------------+----------+-----
Spellcasting   | 5 |  5.0
Fighting       | |  0.7
Short Blades   | |  0.7
Long Blades    | |  0.7
Axes           | |  0.7
Maces & Flails | |  0.7
Polearms       | |  0.7
Staves         | |  0.7
Ranged Weapons | |  0.7
Throwing       | |  0.7
Armour         | |  0.7
Dodging        | |  4.5
Stealth        | |  4.1
Shields        | |  0.7
Unarmed Combat | |  0.7
Conjurations   | |  0.5
Hexes          | |  0.5
Summonings     | |  7.1
Necromancy     | |  0.5
Translocations | |  0.5
Transmutations | |  0.5
Fire Magic     | |  0.5
Ice Magic      | |  0.5
Air Magic      | |  0.5
Earth Magic    | |  0.5
Poison Magic   | |  0.5
Invocations    | |  0.9
Evocations     | |  0.7
Shapeshifting  | |  0.6

Action                     || total
---------------------------++-------
  Melee: Unarmed           ||     6
         Dagger            ||    25
         Bite              ||     4
         Punch             ||     1
   Cast: Summon Small Mamm ||    17
         Call Imp          ||    14
         Call Canine Famil ||     2
   Stab: Sleeping          ||     2
         Distracted        ||     1
 Armour: Robe              ||     8
  Dodge: Dodged            ||    25

Table legend: (Time is in decaauts)
 A = Elapsed time spent in this place.
 B = Non-inter-level travel time spent in this place.
 C = Inter-level travel time spent in this place.
 D = Time resting spent in this place.
 E = Time spent auto-exploring this place.
 F = Levels seen in this place.
 G = Mean time per level.
                   A        B        C        D        E       F      G
               +--------+--------+--------+--------+--------+-----+--------+
         Total |   1354 |   1292 |     62 |      0 |   1113 |   2 |  677.0 |
       Dungeon |   1354 |   1292 |     62 |      0 |   1113 |   2 |  677.0 |
               +--------+--------+--------+--------+--------+-----+--------+

Top non-repeatable levels by time:
     D:1: 1283 daAuts
     D:2: 71 daAuts
